TOP OF THE 1ST |
Riverside Red Bulls batting - Pitching for Red Deer Wranglers : RHP Daniel Casey
|
Pitching: RHP Daniel Casey
|
|
Batting: SHB Enrique Uribe
|
0-0: Ball 1-0: Foul Ball, location: 2F 1-1: Swinging Strike 1-2: Ball 2-2: Foul Ball, location: 2F 2-2: Hit by Pitch
|
Batting: RHB Glenn Broadwater
|
0-0: Ball 1-0: SINGLE (Line Drive, 4MD) Enrique Uribe to second
|
Batting: RHB Brandon Pope
|
0-0: Ball 1-0: Swinging Strike 1-1: DOUBLE (Line Drive, 8RXD) Enrique Uribe scores Glenn Broadwater to third Runner from 3rd tries for Home, SAFE, throw made home
|
Batting: RHB Patrick Daniels
|
0-0: Called Strike 0-1: Ball 1-1: Ball 2-1: Ball 3-1: Fly out, F9 (Flyball, 9S)
|
Batting: LHB William Wolf
|
0-0: Ball 1-0: Foul Ball, location: 2F 1-1: SINGLE (Groundball, 4S) (infield hit) Brandon Pope to third
|
Batting: RHB Fernando Bórquez
|
0-0: Ball 1-0: Ball 2-0: Ball 3-0: Base on Balls William Wolf to second
|
Batting: RHB Adam Davis
|
0-0: Grounds into double play, U5-3 (Groundball, 5L)
|
Top of the 1st over - 2 run(s), 3 hit(s), 0 error(s), 2 left on base; Riverside 2 - Red Deer 0 |
BOTTOM OF THE 1ST |
Red Deer Wranglers batting - Pitching for Riverside Red Bulls : LHP Ken Johnston
|
Pitching: LHP Ken Johnston
|
|
Batting: RHB Xavier López
|
0-0: Ball 1-0: Foul Ball, location: 2F 1-1: Ground out 5-3 (Groundball, 56)
|
Batting: RHB Ricardo González
|
0-0: Called Strike 0-1: Swinging Strike 0-2: Strikes out swinging
|
Batting: LHB Andrew Veeck
|
0-0: Ball 1-0: Called Strike 1-1: Called Strike 1-2: Strikes out swinging
|
Bottom of the 1st over - 0 run(s), 0 hit(s), 0 error(s), 0 left on base; Riverside 2 - Red Deer 0 |
TOP OF THE 2ND |
Riverside Red Bulls batting - Pitching for Red Deer Wranglers : RHP Daniel Casey
|
Batting: RHB Robert Stevens
|
0-0: Ball 1-0: Ball 2-0: Swinging Strike 2-1: Reached on error, E5 (Groundball, 56)
|
Batting: RHB Luis Flores
|
0-0: Ball 1-0: Ball 2-0: Grounds into double play, 4-6-3 (Groundball, 34)
|
Batting: SHB Enrique Uribe
|
0-0: Ball 1-0: Ball 2-0: Ball 3-0: Base on Balls
|
Batting: RHB Glenn Broadwater
|
0-0: SINGLE (Groundball, 6MD) Enrique Uribe to second Runner from 2nd tries for 3rd, OUT after rundown.
|
Top of the 2nd over - 0 run(s), 1 hit(s), 1 error(s), 1 left on base; Riverside 2 - Red Deer 0 |
BOTTOM OF THE 2ND |
Red Deer Wranglers batting - Pitching for Riverside Red Bulls : LHP Ken Johnston
|
Batting: LHB Fred Abrams
|
0-0: Ball 1-0: Fly out, F4 (Popup, 4MD)
|
Batting: RHB Luis Ibarra
|
0-0: Ball 1-0: Ground out 1-3 (Groundball, 15S)
|
Batting: RHB Art Cameron
|
0-0: Ball 1-0: Foul Ball, location: 2F 1-1: Ball 2-1: Foul Ball, location: 2F 2-2: Ground out 1-3 (Groundball, 13S)
|
Bottom of the 2nd over - 0 run(s), 0 hit(s), 0 error(s), 0 left on base; Riverside 2 - Red Deer 0 |
TOP OF THE 3RD |
Riverside Red Bulls batting - Pitching for Red Deer Wranglers : RHP Daniel Casey
|
Batting: RHB Brandon Pope
|
0-0: Ball 1-0: Ball 2-0: Foul Ball, location: 2F 2-1: Ball 3-1: Called Strike 3-2: Fly out, F8 (Flyball, 8LXD)
|
Batting: RHB Patrick Daniels
|
0-0: Foul Ball, location: 2F 0-1: Ball 1-1: SOLO HOME RUN (Flyball, 7D), Distance : 367 ft
|
Batting: LHB William Wolf
|
0-0: Ground out 4-3 (Groundball, 4)
|
Batting: RHB Fernando Bórquez
|
0-0: Called Strike 0-1: Ball 1-1: Ground out 5-3 (Groundball, 5L)
|
Top of the 3rd over - 1 run(s), 1 hit(s), 0 error(s), 0 left on base; Riverside 3 - Red Deer 0 |
BOTTOM OF THE 3RD |
Red Deer Wranglers batting - Pitching for Riverside Red Bulls : LHP Ken Johnston
|
Batting: RHB Ben Fisher
|
0-0: Called Strike 0-1: Foul Ball, location: 2F 0-2: Ball 1-2: Strikes out looking
|
Batting: LHB Héctor Santos
|
0-0: Swinging Strike 0-1: Foul Ball, location: 2F 0-2: Foul Ball, location: 2F 0-2: Ball 1-2: Ball 2-2: Fly out, F8 (Flyball, 8LD)
|
Batting: RHB Steve Burton
|
0-0: Foul Ball, location: 2F 0-1: Foul Ball, location: 2F 0-2: Foul Ball, location: 2F 0-2: Strikes out looking
|
Bottom of the 3rd over - 0 run(s), 0 hit(s), 0 error(s), 0 left on base; Riverside 3 - Red Deer 0 |
TOP OF THE 4TH |
Riverside Red Bulls batting - Pitching for Red Deer Wranglers : RHP Daniel Casey
|
Batting: RHB Adam Davis
|
0-0: Ground out 6-3 (Groundball, 6M)
|
Batting: RHB Robert Stevens
|
0-0: Reached on error, E6 (Groundball, 6)
|
Batting: RHB Luis Flores
|
0-0: Called Strike 0-1: Ball 1-1: Fly out, F9 (Flyball, 9S)
|
Batting: SHB Enrique Uribe
|
0-0: Swinging Strike 0-1: Foul Ball, location: 2F 0-2: Foul Ball, location: 2F 0-2: Ball 1-2: Ball Wild Pitch! Robert Stevens to third 2-2: Foul Ball, location: 2F 2-2: Strikes out swinging
|
Top of the 4th over - 0 run(s), 0 hit(s), 1 error(s), 1 left on base; Riverside 3 - Red Deer 0 |
BOTTOM OF THE 4TH |
Red Deer Wranglers batting - Pitching for Riverside Red Bulls : LHP Ken Johnston
|
Batting: RHB Xavier López
|
0-0: Swinging Strike 0-1: Swinging Strike 0-2: Foul Ball, location: 2F 0-2: Strikes out looking
|
Batting: RHB Ricardo González
|
0-0: Called Strike 0-1: Fly out, F9 (Flyball, 9S)
|
Batting: LHB Andrew Veeck
|
0-0: Called Strike 0-1: Ball 1-1: Foul Ball, location: 2F 1-2: Fly out, F8 (Flyball, 8LS)
|
Bottom of the 4th over - 0 run(s), 0 hit(s), 0 error(s), 0 left on base; Riverside 3 - Red Deer 0 |
TOP OF THE 5TH |
Riverside Red Bulls batting - Pitching for Red Deer Wranglers : RHP Daniel Casey
|
Batting: RHB Glenn Broadwater
|
0-0: Ball 1-0: Called Strike 1-1: SINGLE (Line Drive, 3D)
|
Batting: RHB Brandon Pope
|
0-0: Called Strike 0-1: DOUBLE (Line Drive, 78D) Glenn Broadwater to third
|
Pinch Runner at 2nd Gilberto Tovar:
|
|
Batting: RHB Patrick Daniels
|
0-0: Ball 1-0: Ball 2-0: Called Strike 2-1: Ground out 4-3 (Groundball, 4) Glenn Broadwater scores Gilberto Tovar to third
|
Batting: LHB William Wolf
|
0-0: Intentional Walk
|
Batting: RHB Fernando Bórquez
|
0-0: Ball 1-0: Ball 2-0: Ball 3-0: Foul Ball, location: 2F 3-1: Ground out 5-3 (Groundball, 56S) Gilberto Tovar scores William Wolf to second
|
Batting: RHB Adam Davis
|
0-0: Ball 1-0: Ball 2-0: SINGLE (Groundball, 4MS) (infield hit) William Wolf to third
|
Batting: RHB Robert Stevens
|
0-0: Ball 1-0: DOUBLE (Line Drive, 7LM) William Wolf scores Adam Davis to third Runner from 3rd tries for Home, throw and OUT!
|
Top of the 5th over - 3 run(s), 4 hit(s), 0 error(s), 1 left on base; Riverside 6 - Red Deer 0 |
BOTTOM OF THE 5TH |
Red Deer Wranglers batting - Pitching for Riverside Red Bulls : LHP Ken Johnston
|
Now at 1B: Gilberto Tovar
|
|
Batting: LHB Fred Abrams
|
0-0: Ball 1-0: Ball 2-0: Called Strike 2-1: Fly out, F8 (Flyball, 78M)
|
Batting: RHB Luis Ibarra
|
0-0: Ball 1-0: Ground out 6-3 (Groundball, 6)
|
Batting: RHB Art Cameron
|
0-0: Ball 1-0: Ball 2-0: Ball 3-0: Called Strike 3-1: Called Strike 3-2: Ground out 4-3 (Groundball, 4)
|
Bottom of the 5th over - 0 run(s), 0 hit(s), 0 error(s), 0 left on base; Riverside 6 - Red Deer 0 |
TOP OF THE 6TH |
Riverside Red Bulls batting - Pitching for Red Deer Wranglers : RHP Daniel Casey
|
Pitching: LHP Macy Catron
|
|
Batting: RHB Luis Flores
|
0-0: Ball 1-0: Ball 2-0: Foul Ball, location: 2F 2-1: Foul Ball, location: 2F 2-2: Ball 3-2: Foul Ball, location: 2F 3-2: SINGLE (Line Drive, 3D)
|
Batting: SHB Enrique Uribe
|
0-0: Called Strike 0-1: Ball 1-1: Ball 2-1: Fly out, F7 (Flyball, 7)
|
Batting: RHB Glenn Broadwater
|
0-0: Ball 1-0: Called Strike 1-1: Ball 2-1: Ball 3-1: Base on Balls Luis Flores to second
|
Batting: RHB Gilberto Tovar
|
0-0: Swinging Strike 0-1: Hit by Pitch Luis Flores to third Glenn Broadwater to second
|
Batting: RHB Patrick Daniels
|
0-0: Foul Ball, location: 2F 0-1: Called Strike 0-2: Ball 1-2: Ball 2-2: Foul Ball, location: 2F 2-2: Foul Ball, location: 2F 2-2: Ball 3-2: Grounds into double play, 6-4-3 (Groundball, 6)
|
Top of the 6th over - 0 run(s), 1 hit(s), 0 error(s), 2 left on base; Riverside 6 - Red Deer 0 |
BOTTOM OF THE 6TH |
Red Deer Wranglers batting - Pitching for Riverside Red Bulls : LHP Ken Johnston
|
Batting: RHB Ben Fisher
|
0-0: Ball 1-0: Swinging Strike 1-1: Ball 2-1: Ball 3-1: Base on Balls
|
Batting: LHB Héctor Santos
|
0-0: Ball 1-0: Ball 2-0: Foul Ball, location: 2F 2-1: Called Strike 2-2: Foul Ball, location: 2F 2-2: Ball 3-2: Foul Ball, location: 2F 3-2: Strikes out swinging
|
Batting: RHB Steve Burton
|
0-0: Called Strike 0-1: Ball 1-1: 2-RUN HOME RUN (Flyball, 7D), Distance : 356 ft
|
Batting: RHB Xavier López
|
0-0: Ground out 6-3 (Groundball, 6)
|
Batting: RHB Ricardo González
|
0-0: SINGLE (Groundball, 34D)
|
Batting: LHB Andrew Veeck
|
0-0: SINGLE (Flyball, 9S) Ricardo González to second
|
Batting: LHB Fred Abrams
|
0-0: Ball 1-0: Foul Ball, location: 2F 1-1: Ball 2-1: Fly out, F3 (Line Drive, 34S)
|
Bottom of the 6th over - 2 run(s), 3 hit(s), 0 error(s), 2 left on base; Riverside 6 - Red Deer 2 |
TOP OF THE 7TH |
Riverside Red Bulls batting - Pitching for Red Deer Wranglers : LHP Macy Catron
|
Batting: LHB William Wolf
|
0-0: Ball 1-0: Foul Ball, location: 2F 1-1: SINGLE (Groundball, 6MD)
|
Batting: RHB Fernando Bórquez
|
0-0: Sac Bunt - play at first, batter OUT! 1-3 William Wolf to second
|
Batting: RHB Adam Davis
|
0-0: Ground out 5-3 (Groundball, 56S) William Wolf to third
|
Batting: RHB Robert Stevens
|
0-0: Ball 1-0: Ball 2-0: Foul Ball, location: 2F 2-1: SINGLE (Groundball, 56D) William Wolf scores
|
Batting: RHB Luis Flores
|
0-0: Ball 1-0: Ball 2-0: Fly out, F8 (Flyball, 8LD)
|
Top of the 7th over - 1 run(s), 2 hit(s), 0 error(s), 1 left on base; Riverside 7 - Red Deer 2 |
BOTTOM OF THE 7TH |
Red Deer Wranglers batting - Pitching for Riverside Red Bulls : LHP Ken Johnston
|
Batting: RHB Luis Ibarra
|
0-0: Ball 1-0: Swinging Strike 1-1: Ball 2-1: Called Strike 2-2: Foul Ball, location: 2F 2-2: Ball 3-2: Base on Balls
|
Batting: RHB Art Cameron
|
0-0: Foul Ball, location: 2F 0-1: Ball 1-1: Grounds into double play, 6-4-3 (Groundball, 6)
|
Batting: RHB Ben Fisher
|
0-0: Foul Ball, location: 2F 0-1: Foul Ball, location: 2F 0-2: Ball 1-2: Foul Ball, location: 2F 1-2: Ball 2-2: Foul Ball, location: 2F 2-2: Ball 3-2: Fly out, F4 (Line Drive, 4)
|
Bottom of the 7th over - 0 run(s), 0 hit(s), 0 error(s), 0 left on base; Riverside 7 - Red Deer 2 |
TOP OF THE 8TH |
Riverside Red Bulls batting - Pitching for Red Deer Wranglers : LHP Macy Catron
|
Batting: SHB Enrique Uribe
|
0-0: Called Strike 0-1: Ball 1-1: Fly out, F7 (Flyball, 7LS)
|
Batting: RHB Glenn Broadwater
|
0-0: Called Strike 0-1: Ball 1-1: Fly out, F8 (Flyball, 8RS)
|
Pitching: RHP Alex Phillips
|
|
Batting: RHB Gilberto Tovar
|
0-0: Called Strike 0-1: Ball 1-1: Foul Ball, location: 2F 1-2: Strikes out swinging
|
Top of the 8th over - 0 run(s), 0 hit(s), 0 error(s), 0 left on base; Riverside 7 - Red Deer 2 |
BOTTOM OF THE 8TH |
Red Deer Wranglers batting - Pitching for Riverside Red Bulls : LHP Ken Johnston
|
Pitching: RHP Carlos Rodríguez
|
|
Batting: LHB Héctor Santos
|
0-0: Ball 1-0: Foul Ball, location: 2F 1-1: Called Strike 1-2: DOUBLE (Groundball, 3L)
|
Batting: RHB Steve Burton
|
0-0: Called Strike 0-1: Called Strike 0-2: Ball 1-2: Foul Ball, location: 2F 1-2: Foul Ball, location: 2F 1-2: Strikes out swinging
|
Batting: RHB Xavier López
|
0-0: Ball 1-0: Ground out 5-3 (Groundball, 5)
|
Batting: RHB Ricardo González
|
0-0: Ball 1-0: Ground out 5-3 (Groundball, 56)
|
Bottom of the 8th over - 0 run(s), 1 hit(s), 0 error(s), 1 left on base; Riverside 7 - Red Deer 2 |
TOP OF THE 9TH |
Riverside Red Bulls batting - Pitching for Red Deer Wranglers : RHP Alex Phillips
|
Batting: RHB Patrick Daniels
|
0-0: Ball 1-0: Ball 2-0: Ball 3-0: Swinging Strike 3-1: Base on Balls
|
Batting: LHB William Wolf
|
0-0: Ball 1-0: Ground out 3-1 (Groundball, 34S) Patrick Daniels to second
|
Batting: RHB Fernando Bórquez
|
0-0: Ball 1-0: Swinging Strike 1-1: Ball 2-1: Foul Ball, location: 2F 2-2: Strikes out swinging
|
Batting: RHB Adam Davis
|
0-0: Ground out 6-3 (Groundball, 6)
|
Top of the 9th over - 0 run(s), 0 hit(s), 0 error(s), 1 left on base; Riverside 7 - Red Deer 2 |
BOTTOM OF THE 9TH |
Red Deer Wranglers batting - Pitching for Riverside Red Bulls : RHP Carlos Rodríguez
|
Batting: LHB Andrew Veeck
|
0-0: Ball 1-0: Ball 2-0: Called Strike 2-1: Called Strike 2-2: Foul Ball, location: 2F 2-2: Strikes out swinging
|
Batting: LHB Fred Abrams
|
0-0: Called Strike 0-1: Ball 1-1: Ball 2-1: Ball 3-1: Base on Balls
|
Batting: RHB Luis Ibarra
|
0-0: Ball 1-0: DOUBLE (Flyball, 78D) Fred Abrams to third
|
Batting: RHB Art Cameron
|
0-0: Ball 1-0: Foul Ball, location: 2F 1-1: Foul Ball, location: 2F 1-2: Foul Ball, location: 2F 1-2: Ball 2-2: Strikes out swinging
|
Batting: RHB Ben Fisher
|
0-0: Called Strike 0-1: Foul Ball, location: 2F 0-2: Ball 1-2: Foul Ball, location: 2F 1-2: Ground out U3 (Groundball, 3S)
|
Bottom of the 9th over - 0 run(s), 1 hit(s), 0 error(s), 2 left on base; Riverside 7 - Red Deer 2 |
|